 Dungeon Crawl Stone Soup version 0.18-a0-1396-g8753ca6 (webtiles) character file.

21 Ratboiler the Shield-Bearer (level 2, 0/25 HPs)
             Began as a Demigod Fighter on Feb 23, 2016.
             Succumbed to an adder's poison
             ... on level 2 of the Dungeon.
             The game lasted 00:03:55 (637 turns).

Ratboiler the Shield-Bearer (Demigod Fighter)        Turns: 637, Time: 00:03:55

Health: 0/25       AC:  6    Str: 19    XL:     2   Next: 45%
Magic:  4/4        EV:  7    Int: 12    God:
Gold:   40         SH:  9    Dex: 15    Spells: 0 memorised, 1 level left

rFire  . . .     SeeInvis .     a - +0 long sword
rCold  . . .     Gourm    .     b - +0 scale mail
rNeg   . . .     Faith    .     c - +0 shield
rPois  .         Spirit   .     (no helmet)
rElec  .         Dismiss  .     (no cloak)
rCorr  .         Reflect  .     (no gloves)
SustAt +         Harm     .     (no boots)
MR     .....                    (no amulet)
Stlth  ..........               (no ring)
                                (no ring)

@: lethally poisoned (0 -> -10), not resistant to hostile enchantments,
extremely unstealthy
A: high mp 1, sustain attributes
a: no special abilities


You were on level 2 of the Dungeon.
You were not hungry.

You visited 1 branch of the dungeon, and saw 2 of its levels.

You collected 40 gold pieces.

Inventory:

Hand Weapons
 a - a +0 long sword (weapon)
Missiles
 l - 2 stones (quivered)
Armour
 b - a +0 scale mail (worn)
 c - a +0 shield (worn)
Wands
 m - a wand of random effects (15/48)
 n - a wand of lightning (0/15)
Scrolls
 e - a scroll of immolation {unknown}
 h - a scroll of recharging {unknown}
 k - a scroll of remove curse {unknown}
Potions
 d - a potion of might
 o - a potion of agility {unknown}
Comestibles
 f - a bread ration
 g - 2 meat rations
 j - a beef jerky


   Skills:
 - Level 2.6 Fighting
 + Level 2.5 Long Blades
 - Level 2.6 Armour
 + Level 3.1 Shields


You had one spell level left.
You didn't know any spells.

Dungeon Overview and Level Annotations

Branches:
Dungeon (2/15)


Innate Abilities, Weirdness & Mutations

You have an increased reservoir of magic (+10% MP).
Your attributes are resistant to harm.


Message History

The adder is almost dead.
* * * LOW HITPOINT WARNING * * *
You feel sick.
The adder bites you but does no damage. x2
You closely miss the adder.
The adder is almost dead.
The adder bites you but does no damage. x2
You closely miss the adder.
The adder is almost dead.
* * * LOW HITPOINT WARNING * * *
You feel sick. The adder closely misses you. The adder bites you.
* * * LOW HITPOINT WARNING * * *
You are more poisoned.
The adder poisons you!
You miss the adder.
The adder is almost dead.
* * * LOW HITPOINT WARNING * * *
You feel sick. The adder completely misses you.
Drink which item? (? for menu, Esc to quit)
It was a potion of cancellation.
You feel magically purged.
You die...

#..# #(.# #..#
.# # #..# #>.#
##(.###..#.....
..........K#.#.
.######K#..S...
#S# .#.#.
#######@# ....
........# .#.
#####>#.# $.
#.#.# # #.#.###
#.....#
#.....####
#.........
#.....####


You could see an adder and a kobold.

Vanquished Creatures
  2 dart slugs (D:1)
  A giant gecko (D:1)
  A giant cockroach (D:1)
  2 hobgoblins
  A giant newt (D:1)
  4 goblins (D:1)
  3 kobolds
14 creatures vanquished.

Notes
Turn   | Place    | Note
--------------------------------------------------------------
     0 | D:1      | Ratboiler the Demigod Fighter began the quest for the Orb.
     0 | D:1      | Reached XP level 1. HP: 18/18 MP: 3/3
   362 | D:1      | Reached XP level 2. HP: 25/25 MP: 4/4
   384 | D:1      | Reached skill level 3 in Shields
   549 | D:2      | Found a shimmering altar of Xom.
   636 | D:2      | HP: 1/25 [poisoned by an adder]
   637 | D:2      | Succumbed to an adder's poison

Vault maps used:
D:1:      sevenhm_arrival_forest_fort_large_2
D:2:      nicolae_overflow_crystal_walls, xom_butterflies,
          serial_co_window_serial, co_window_paths_a, co_window_corner_a,
          co_window_paths_a, co_window_paths_a, co_window_of_opportunity_a,
          co_window_of_opportunity_a, co_window_corner_a, co_window_broadway_a,
          co_window_unsneaky_path_a, co_window_broadway_a,
          co_window_unsneaky_path_d, co_window_paths_e, glass_columns_b,
          glass_columns_b, uniq_natasha

Skill      XL: |  1  2 |
---------------+-------+-----
Long Blades    | 2 |  2.5
Shields        | 3 |  3.1
Fighting       | |  2.6
Armour         | |  2.6

Action                   || total
-------------------------++-------
Melee: Long sword        ||    70
Throw: Stone             ||     2
Evoke: Wand              ||     2
  Use: Potion            ||     1
